 Dungeon Crawl Stone Soup version 0.30-a0-358-g0d69a1922f (webtiles) character file.

Game seed: 4063513432797099438

207 bande the Covered (level 5, -1/33 HPs)
             Began as a Gargoyle Fighter on Nov 8, 2022.
             Slain by an ice beast (3 damage)
             ... on level 3 of the Dungeon.
             The game lasted 00:03:27 (2626 turns).

bande the Covered (Gargoyle Fighter)                Turns: 2626, Time: 00:03:29

Health: -1/33      AC: 13    Str: 19    XL:     5   Next: 85%
Magic:  5/5        EV:  7    Int:  9    God:
Gold:   145        SH:  4    Dex: 11    Spells: 4/4 levels left

rFire   + . .      SeeInvis .    a - +0 war axe
rCold   + . .      Faith    .    c - +0 buckler
rNeg    + . .      Spirit   .    q - +0 chain mail
rPois   ∞          Reflect  .    (no helmet)
rElec   +          Harm     .    (no cloak)
rCorr   .          Rampage  .    (no gloves)
Will    .....                    (no boots)
Stlth   ..........               (no amulet)
HPRegen 0.25/turn                g - ring of protection from fire
MPRegen 0.09/turn                k - ring of protection from cold

@: mighty, invisible (expiring)
A: sickness immunity, AC +4, negative energy resistance 1, electricity
resistance, torment resistance 1, petrification resistance
a: no special abilities


You were on level 3 of the Dungeon.
You visited 1 branch of the dungeon, and saw 4 of its levels.

You collected 145 gold pieces.

Inventory:

Hand Weapons
 a - a +0 war axe (weapon)
Armour
 c - a +0 buckler (worn)
 q - a +0 chain mail (worn)
Jewellery
 g - a ring of protection from fire (left hand)
 k - a ring of protection from cold (right hand)
 l - a ring of protection from fire
Scrolls
 e - a scroll of enchant weapon {unknown}
 f - 2 scrolls of noise {unknown}
 h - a scroll of identify {unknown}
 i - 3 scrolls of teleportation {unknown}
 j - 2 scrolls of fear {unknown}
 n - a scroll of magic mapping {unknown}
 o - a scroll of amnesia {unknown}
Potions
 p - a potion of flight {unknown}


   Skills:
 + Level 3.9 Fighting
 + Level 4.2 Axes
 + Level 4.2 Armour
 + Level 3.7 Shields


You had 4 spell levels left.
You didn't know any spells.
Your spell library contained the following spells:

 Spells                   Type           Power      Damage    Failure   Level
 Gell's Gravitas          Tloc           0%         N/A       100%        3
 Portal Projectile        Hex/Tloc       0%         N/A       100%        3
 Teleport Other           Tloc           0%         N/A       100%        3
 Tukima's Dance           Hex            0%         N/A       100%        3
 Blade Hands              Tmut           0%         N/A       100%        5
 Dispersal                Tloc           0%         N/A       100%        6


Dungeon Overview and Level Annotations

Branches:
Dungeon (4/15)
 Temple: D:4-7

Altars:
Elyvilon
Makhleb
Sif Muna
Trog
Zin


Innate Abilities, Weirdness & Mutations

You are immune to sickness and miasma.
Your stone body is resilient. (AC +4)
You are immune to poison.
You resist negative energy. (rN+)
You are resistant to electric shocks. (rElec)
You are resistant to unholy torment.
You are immune to petrification.


Message History

You fade into invisibility!
You hear an angry hiss.
The orc priest resists with some effort.
The ice beast hits you but does no damage.
The orc priest closely misses you.
An orc priest comes into view. It is wielding a +0 dagger of venom.
You feel very mighty all of a sudden.
The orc priest shouts!
The orc priest barely misses you.
The orc priest calls down the wrath of Beogh upon you.
The orc priest struggles to resist.
Unknown command.
Unknown command.
You slash the orc priest!
You kill the orc priest!
You feel less confused.
The orc priest calls down the wrath of Beogh upon something.
Something writhes in agony.
Your Axes skill increases to level 4!
You hear a shout!
You hear an angry hiss.
The orc priest invokes the aid of Beogh against something.
Something writhes in agony.
Something hits you but does no damage.
The ice beast hits you but does no damage.
There is a stone staircase leading up, spattered with blood here.
Things that are here:
a +0 club; a jackal corpse The iguana hisses angrily.
Something completely misses you.
The ice beast hits you but does no damage.
You climb upwards.
Reactivating autopickup.
There is a stone staircase leading down here.
Unknown command.
You barely miss the ice beast. You closely miss something.
You flicker for a moment.
Something hits you.
* * * LOW HITPOINT WARNING * * *
Deactivating autopickup; reactivate with Ctrl-A.
The ice beast hits you.
You die...

#..... #.#### #.#### #.#...
#.#.## #.#.# ##############
#.#.# #............#### ##.#.#
#.########....@Y#########..#.##
#.# #.#...).........#.#... #.#
#.####.##.##.#.###.### #.# #.#
#.##.##.##.#.#### #.# #.#
#................ #.# #.#
####.##.##..#.### ##.########.#
#.##.##..#.### #..>........###
#........#.#.. #.###.........#
###..###.#.#.#


You could see an ice beast (unable to see you).

Vanquished Creatures
  A hound (D:4)
  2 orc priests
  3 gnolls (D:2)
  An adder (D:2)
  2 worms (D:3)
  A dart slug (D:3)
  5 orcs (D:3)
  5 ball pythons
  3 endoplasms
  2 giant cockroaches
  6 goblins
  8 hobgoblins
  8 jackals
  2 quokkas
  3 bats
  3 frilled lizards
  11 kobolds
  2 rats
68 creatures vanquished.

Vanquished Creatures (others)
  A butterfly (D:3)
1 creature vanquished.

Grand Total: 69 creatures vanquished

Notes
Turn   | Place    | Note
-------+----------+-------------------------------------------
     0 | D:1      | bande the Gargoyle Fighter began the quest for the Orb.
     0 | D:1      | Reached XP level 1. HP: 14/14 MP: 1/1
   111 | D:1      | Reached XP level 2. HP: 16/19 MP: 2/2
   684 | D:2      | Reached XP level 3. HP: 23/23 MP: 3/3
   978 | D:2      | Reached XP level 4. HP: 10/29 MP: 4/4
  1404 | D:2      | Found a glowing silver altar of Zin.
  1493 | D:3      | Found a bloodstained altar of Trog.
  1727 | D:3      | Found a white marble altar of Elyvilon.
  1824 | D:3      | Reached XP level 5. HP: 9/33 MP: 5/5
  2217 | D:3      | Found a burning altar of Makhleb.
  2312 | D:3      | Found a shimmering blue altar of Sif Muna.
  2561 | D:4      | Noticed an ice beast
  2626 | D:3      | Slain by an ice beast

Illustrated notes

Levels and vault maps discovered:
D:1:      tarquinn_simple_flora_water_c, layout_loops_ring
D:2:      layout_basic, basic_altar, minmay_cupped
D:3:      layout_loops_ring, lightli_temple_of_fire,
          mainiacjoe_overflow_alcove_4, nicolae_elyvilon_peaceful_grove,
          trog_three_pillars_becter
D:4:      layout_rooms, hex_tiny

Skill      XL: |  1  2  3  4  5 |
---------------+----------------+-----
Axes           | 2 3 4 |  4.2
Armour         | 4 |  4.2
Fighting       | |  3.9
Shields        | |  3.7

Action                   |  1- 3 |  4- 6 || total
-------------------------+-------+-------++-------
Melee: War axe           |    92 |   111 ||   203
  Use: Potion            |     3 |     2 ||     5
Armor: Scale mail        |    57 |    64 ||   121
       Chain mail        |       |     9 ||     9
Dodge: Dodged            |    52 |    57 ||   109
Block: Buckler           |    24 |    22 ||    46

Table legend: (Time is in decaauts)
 A = Elapsed time spent in this place.
 B = Non-inter-level travel time spent in this place.
 C = Inter-level travel time spent in this place.
 D = Time resting spent in this place.
 E = Time spent auto-exploring this place.
 F = Levels seen in this place.
 G = Mean time per level.
                   A        B        C        D        E       F      G
               +--------+--------+--------+--------+--------+-----+--------+
         Total |   2708 |   2650 |     58 |    267 |   1839 |   4 |  677.0 |
       Dungeon |   2708 |   2650 |     58 |    267 |   1839 |   4 |  677.0 |
               +--------+--------+--------+--------+--------+-----+--------+

Top non-repeatable levels by time:
     D:3: 1087 daAuts
     D:2: 842 daAuts
     D:1: 692 daAuts
     D:4: 86 daAuts
